 Dungeon Crawl Stone Soup version 0.17.1-3-g152610e (webtiles) character file.

5891 kaze the Covered (level 10, 0/114 (118) HPs)
             Began as a Demonspawn Gladiator on Mar 9, 2016.
             Was an Elder of Trog.
             Succumbed to an orc warrior's poison
             ... on level 10 of the Dungeon.
             The game lasted 00:32:00 (11794 turns).

kaze the Covered (Demonspawn Gladiator)            Turns: 11794, Time: 00:32:00

HP:   0/114 (118)   AC: 25    Str: 19    XL:     10   Next: 53%
MP:   10/10         EV:  2    Int:  8    God:    Trog [****..]
Gold: 501           SH:  0    Dex: 13    Spells: 0 memorised, 9 levels left

rFire  . . .     SeeInvis .     A - +3 battleaxe
rCold  . . .     Rnd*Rage +     (armour currently unavailable)
rNeg   + + +     SustAt   .     (shield currently unavailable)
rPois  +         Gourm    .     (helmet currently unavailable)
rElec  .         Spirit   .     (cloak currently unavailable)
rCorr  .         Warding  .     (gloves currently unavailable)
rMut   .         NoTele   +     (boots currently unavailable)
MR     .....                    (no amulet)
Stlth  ++++......               (no ring)
                                s - ring of positive energy

@: lethally poisoned (0 -> -5), exhausted, tree-form, silence, not resistant to
hostile enchantments, stealthy
A: (talons 0), (yellow scales 0), berserk 2, demonic guardian 2, dopey 1,
nightstalker 2, (poison resistance), evolution 1, MP-powered wands
a: Renounce Religion


You were on level 10 of the Dungeon.
You worshipped Trog.
Trog was greatly pleased with you.
You were full.
You were a tree.
You visited 1 branch of the dungeon, and saw 10 of its levels.

You collected 501 gold pieces.

Inventory:

Hand Weapons
 a - a +1 long sword
 v - a +3 morningstar
 A - a +3 battleaxe (weapon)
Missiles
 d - 3 throwing nets (quivered)
Armour
 c - a +1 helmet
 m - a +0 cloak (melded)
 q - a +1 chain mail (melded)
Jewellery
 s - a ring of positive energy (left branch)
Scrolls
 b - 4 scrolls of teleportation
 e - a scroll of fog
 h - a scroll of blinking
 j - 3 scrolls of remove curse
 l - a scroll of recharging
 o - 8 scrolls of identify
 w - a scroll of fear
Potions
 f - a potion of magic
Comestibles
 i - 2 meat rations
 n - 5 chunks of flesh
 u - 4 bread rations
 x - a royal jelly


   Skills:
 + Level 7.0 Fighting
 + Level 7.4 Long Blades
 + Level 3.4 Axes
 + Level 1.9 Throwing
 + Level 7.9 Armour
 + Level 6.7 Dodging
 - Level 3.2 Stealth


You had 9 spell levels left.
You didn't know any spells.

Dungeon Overview and Level Annotations

Branches:
Dungeon (10/15)            Temple (0/1) D:6            Lair (0/8) D:8
    Orc (0/4) D:10

Altars:
Cheibriados
Dithmenos
Kikubaaqudgha
Makhleb
Nemelex Xobeh
Okawaru
Qazlal
Sif Muna
Trog
Vehumet
Yredelemnul
The Shining One


Innate Abilities, Weirdness & Mutations

((You have sharp toenails.))
((You are partially covered in yellow scales (AC +2).))
A demonic guardian rushes to your aid.
You are significantly more attuned to the shadows.
You often lose your temper in combat.
You are dopey. (Int -2)
((Your system is resistant to poisons.))
You evolve.
You expend magic power (3 MP) to strengthen your wands.


Message History

You cannot move.
Unknown command.
You cannot move.
You cannot move.
You cannot move.
Unknown command.
You cannot move.
Welcome back, kaze the Demonspawn Gladiator.
Trog says: Kill them all!
Press ? for a list of commands and other information.
There is a lethal amount of poison in your body!
There is a lethal amount of poison in your body!
There is a lethal amount of poison in your body!
You cannot move.
You cannot move.
You cannot move.
You cannot move.
You cannot move.
There isn't anything here!
You die...

.#
#...)......[....#
.#
##....##..##....##
.#
#......####...###
.# #..##........##
.. ##.##########+#
#.÷.##........##
#.......####...##
##.†..8.##..##.8.#
#>......+.??♣)†[.#
##....8.##..##.8.#
#.......####...##
#...##........##
##.##########'#
#..##....[)..##
#......####...#
##....## ##....#
#..8.+ +.8....


There were no monsters in sight!

Vanquished Creatures
  A komodo dragon (D:8)
  A troll (D:9)
  A spriggan (D:8)
  A yak (D:10)
  Grum (D:10)
  A mottled dragon (D:8)
  2 wolves (D:10)
  2 wargs (D:10)
  2 hippogriffs
  2 sky beasts (D:6)
  2 water moccasins (D:7)
  2 orc warriors
  3 necrophages (D:9)
  4 ogres
  5 centaurs
  A crocodile (D:8)
  A giant frog (D:9)
  A water moccasin skeleton (D:8)
  3 scorpions
  5 killer bees (D:6)
  6 wights
  2 crimson imps
  5 hounds
  2 giant frog skeletons
  4 orc priests
  4 orc wizards
  2 centaur skeletons
  6 worker ants
  4 iguanas
  2 mummies (D:9)
  A hound zombie (D:9)
  2 worker ant zombies (D:9)
  4 adders
  2 gnolls (D:3)
  A shadow imp (D:6)
  An adder zombie (D:6)
  An adder skeleton (D:4)
  4 worms
  8 giant geckos
  29 orcs
  2 ball pythons
  11 giant cockroaches
  8 hobgoblins
  12 jackals
  10 quokkas
  7 bats
  2 giant gecko skeletons
  A giant gecko zombie (D:5)
  6 giant newts
  5 goblins
  2 jackal zombies
  9 kobolds
  A quokka zombie (D:5)
  7 rats
214 creatures vanquished.

Vanquished Creatures (collateral kills)
  A komodo dragon (D:8)
  2 yaks (D:10)
  2 wolves (D:10)
  A necrophage (D:9)
  An orc warrior (D:8)
  A centaur (D:6)
  A crocodile (D:8)
  A giant frog (D:8)
  A scorpion (D:6)
  A killer bee (D:6)
  A giant frog zombie (D:5)
  2 crimson imps
  A hound (D:10)
  A gnoll shaman (D:3)
  A worker ant (D:7)
  4 orcs
22 creatures vanquished.

Vanquished Creatures (others)
  A worm (D:2)
  A kobold (D:2)
2 creatures vanquished.

Grand Total: 238 creatures vanquished

Notes
Turn   | Place    | Note
--------------------------------------------------------------
     0 | D:1      | kaze the Demonspawn Gladiator began the quest for the Orb.
     0 | D:1      | Reached XP level 1. HP: 16/16 MP: 1/1
    93 | D:1      | Reached skill level 3 in Long Blades
    95 | D:1      | Gained mutation: A weak demonic guardian rushes to your aid. [demonic ancestry]
    95 | D:1      | Reached XP level 2. HP: 15/22 MP: 2/2
   906 | D:1      | Reached skill level 1 in Armour
   906 | D:1      | Gained mutation: You are partially covered in yellow scales (AC +2). [demonic ancestry]
   906 | D:1      | Reached XP level 3. HP: 22/27 MP: 3/3
  1605 | D:2      | Gained mutation: You have sharp toenails. [demonic ancestry]
  1605 | D:2      | Reached XP level 4. HP: 30/33 MP: 4/4
  1607 | D:2      | Found a bloodstained altar of Trog.
  1677 | D:2      | Became a worshipper of Trog the Wrathful
  1921 | D:2      | Found a shadowy altar of Dithmenos.
  2062 | D:2      | Found a radiant altar of Vehumet.
  2467 | D:3      | Found a burning altar of Makhleb.
  2467 | D:3      | Found an iron altar of Okawaru.
  3056 | D:3      | Reached skill level 1 in Stealth
  3109 | D:3      | Gained mutation: You are slightly more attuned to the shadows. [demonic ancestry]
  3109 | D:3      | Reached XP level 5. HP: 39/39 MP: 5/5
  3190 | D:3      | Reached * piety under Trog
  3801 | D:4      | Found an ancient bone altar of Kikubaaqudgha.
  3806 | D:4      | HP: 1/39 [orc/flail (6)]
  4082 | D:4      | Found a stormy altar of Qazlal.
  4116 | D:4      | Reached skill level 4 in Long Blades
  4155 | D:4      | Gained mutation: You are significantly more attuned to the shadows. [demonic ancestry]
  4155 | D:4      | Reached XP level 6. HP: 38/46 MP: 6/6
  4193 | D:4      | Found a deep blue altar of Sif Muna.
  4362 | D:4      | Gained mutation: You are resistant to hostile enchantments. [potion of mutation]
  4362 | D:4      | Gained mutation: Your muscles are strong. (Str +2) [potion of mutation]
  4362 | D:4      | Gained mutation: You tend to lose your temper in combat. [potion of mutation]
  4499 | D:5      | Entered Level 5 of the Dungeon
  4565 | D:5      | Gained mutation: Scrolls take you a little longer to read. [potion of mutation]
  4565 | D:5      | Gained mutation: You occasionally shout uncontrollably at your foes. [potion of mutation]
  4567 | D:5      | Lost mutation: Scrolls take you a little longer to read. [potion of mutation]
  4567 | D:5      | Gained mutation: You can spit weak poison. [potion of mutation]
  4567 | D:5      | Gained mutation: You are frail (-10% HP). [potion of mutation]
  4568 | D:5      | Gained mutation: You have a pair of small antennae on your head. [potion of mutation]
  4568 | D:5      | Gained mutation: You are somewhat resistant to further mutation. [potion of mutation]
  5109 | D:5      | Reached XP level 7. HP: 39/46 MP: 7/7
  5157 | D:5      | Reached ** piety under Trog
  5533 | D:5      | Reached skill level 5 in Long Blades
  5993 | D:6      | Found a glowing golden altar of the Shining One.
  6454 | D:6      | Lost mutation: You are frail (-10% HP). [potion of cure mutation]
  6454 | D:6      | Lost mutation: You are somewhat resistant to further mutation. [potion of cure mutation]
  6536 | D:6      | Reached skill level 5 in Dodging
  6536 | D:6      | Reached XP level 8. HP: 60/60 MP: 8/8
  6938 | D:6      | Gained mutation: Your system is resistant to poisons. [mutagenic meat]
  6940 | D:6      | Gained mutation: You are dopey. (Int -2) [mutagenic meat]
  6959 | D:6      | Found a staircase to the Ecumenical Temple.
  7177 | D:6      | Reached skill level 6 in Long Blades
  7953 | D:7      | Found a snail-covered altar of Cheibriados.
  8327 | D:7      | Reached skill level 5 in Armour
  8354 | D:7      | Gained mutation: A demonic guardian rushes to your aid. [demonic ancestry]
  8354 | D:7      | Reached XP level 9. HP: 50/67 MP: 9/9
  8389 | D:7      | Reached skill level 5 in Fighting
  8682 | D:8      | Found a basalt altar of Yredelemnul.
  9169 | D:8      | Reached *** piety under Trog
  9449 | D:8      | Noticed a komodo dragon
  9454 | D:8      | HP: 3/68 [crocodile (6)]
  9467 | D:8      | Lost mutation: You can spit weak poison. [potion of cure mutation]
  9467 | D:8      | Lost mutation: You occasionally shout uncontrollably at your foes. [potion of cure mutation]
  9467 | D:8      | Lost mutation: Your muscles are strong. (Str +2) [potion of cure mutation]
  9467 | D:8      | Lost mutation: You are resistant to hostile enchantments. [potion of cure mutation]
  9467 | D:8      | Lost mutation: You have a pair of small antennae on your head. [potion of cure mutation]
  9467 | D:8      | Killed a komodo dragon
  9743 | D:8      | Found a staircase to the Lair.
  9752 | D:8      | Reached skill level 7 in Long Blades
  9831 | D:8      | Noticed a komodo dragon
  9852 | D:8      | Killed a komodo dragon
 10381 | D:9      | Found a sparkling altar of Nemelex Xobeh.
 10444 | D:9      | Reached XP level 10. HP: 55/74 MP: 10/10
 10633 | D:9      | Reached skill level 1 in Axes
 11163 | D:10     | Entered Level 10 of the Dungeon
 11164 | D:10     | Found an iron altar of Okawaru.
 11266 | D:10     | Noticed Grum
 11374 | D:10     | Killed Grum
 11659 | D:10     | Found a staircase to the Orcish Mines.
 11666 | D:10     | Reached **** piety under Trog
 11789 | D:10     | HP: 3/76 [poisoned by an orc warrior]
 11791 | D:10     | Gained mutation: You expend magic power (3 MP) to strengthen your wands. [potion of mutation]
 11791 | D:10     | Gained mutation: You evolve. [potion of mutation]
 11791 | D:10     | Gained mutation: You often lose your temper in combat. [potion of mutation]
 11791 | D:10     | HP: 1/114 [poisoned by an orc warrior]
 11794 | D:10     | Succumbed to an orc warrior's poison

Action                   |  1- 3 |  4- 6 |  7- 9 | 10-12 || total
-------------------------+-------+-------+-------+-------++-------
Melee: Long sword        |   125 |   240 |   409 |       ||   774
       Battleaxe         |       |       |    59 |   146 ||   205
Invok: Berserk           |       |     1 |     7 |     4 ||    12
       Trog's Hand       |       |       |     5 |     1 ||     6
       Burn Spellbooks   |       |       |     1 |       ||     1
  Use: Scroll            |       |     7 |     8 |     5 ||    20
       Potion            |       |     7 |     5 |     3 ||    15
 Stab: Sleeping          |       |     7 |     7 |       ||    14
       Distracted        |       |       |     1 |     1 ||     2
  Eat: Bread ration      |     1 |     1 |     3 |     2 ||     7
       Pizza             |       |     1 |       |       ||     1
       Beef jerky        |       |     1 |       |       ||     1
       Chunk             |       |     5 |     7 |     1 ||    13
       Fruit             |       |       |     4 |       ||     4
       Meat ration       |       |       |     2 |       ||     2
